 Dungeon Crawl Stone Soup version 0.32-a0-913-g739538afd8 (webtiles) character file.

Game seed: 18215479456614428939

15868 PriceMaster the Covert (level 12, -4/62 HPs)
             Began as a Spriggan Earth Elementalist on Apr 8, 2024.
             Was a Priest of Ashenzari.
             Slain by a slime creature (30 damage)
             ... on level 13 of the Dungeon on Apr 9, 2024.
             The game lasted 00:30:25 (13181 turns).

PriceMaster the Covert (SpEE)                      Turns: 13181, Time: 00:30:26

Health: -4/62      AC:  5    Str: 10    XL:     12   Next: 5%
Magic:  19/31      EV: 25    Int: 22    God:    Ashenzari [***...]
Gold:   1864       SH:  0    Dex: 15    Spells: 18/39 levels left

rFire   + . .        C - +2 scimitar of Star-Bound Wisdom {holy, Sorc, Range} (curse)
rCold   + . .        K - orb "Astrological Gnosis" {mayhem, Self, Comp} (curse)
rNeg    . . .        D - +2 robe "Chained the Doldrums" {Will+, Elem, Comp} (curse)
rPois   +            (helmet restricted)
rElec   +            u - +0 cloak of Ashenzari's Absolutism {Bglg, Comp} (curse)
rCorr   +            (gloves unavailable)
SInv    +            (boots unavailable)
Will    +++..        g - amulet of reflection
Stlth   ++           N - +6 ring of strength
HPRegen 0.30/turn    H - +5 ring of evasion
MPRegen 0.22/turn

%: mayhem, reflection, clarity
@: confused, resistant, ambrosia-drunk, very quick
A: very small, no large weapons, unfitting armour, see invisible, speed 3
a: Renounce Religion, Curse Item, Shatter the Chains


You were on level 13 of the Dungeon.
You worshipped Ashenzari.
Ashenzari was most pleased with you.
You visited 1 branch of the dungeon, and saw 13 of its levels.

You collected 2002 gold pieces.
You spent 138 gold pieces at shops.

Inventory:

Hand Weapons
 d - a +0 short sword
 r - a +0 dagger of electrocution
 C - the cursed +2 scimitar of Star-Bound Wisdom (weapon) {holy, Sorc, Range}
   (You took it off Blork the orc on level 5 of the Dungeon)

   It has a curse which improves the following skills: Sorcery: Conjurations and
   Alchemy.
   Ranged Combat: Ranged Weapons and Throwing.
 M - a +3 scimitar of flaming
Armour
 a - a +0 robe
 u - the cursed +0 cloak of Ashenzari's Absolutism (worn) {Bglg, Comp}
   (You found it on level 4 of the Dungeon)

   It has a curse which improves the following skills: Beguiling: Hexes and
   Translocations.
   Companions: Summonings and Necromancy.
 D - the cursed +2 robe "Chained the Doldrums" (worn) {Will+, Elem, Comp}
   (You took it off Blork the orc on level 5 of the Dungeon)

   It has a curse which improves the following skills: Elements: Fire Magic, Ice
   Magic, Air Magic and Earth Magic.
   Companions: Summonings and Necromancy.
 E - a +1 robe of willpower
 K - the cursed orb "Astrological Gnosis" (worn) {mayhem, Self, Comp}
   (You took it off Jeremiah on level 8 of the Dungeon)

   It has a curse which improves the following skills: Introspection: Fighting
   and Spellcasting.
   Companions: Summonings and Necromancy.
 P - +0 swamp dragon scales
Jewellery
 g - an amulet of reflection (around neck)
 p - a ring of protection from fire
 v - an amulet of magic regeneration
 y - a ring of willpower
 z - a ring of willpower
 H - a +5 ring of evasion (right hand)
 L - a ring of ice
 N - a +6 ring of strength (left hand)
 Q - a ring of flight
Wands
 k - a wand of iceblast (16)
 B - a wand of polymorph (17)
 J - a wand of charming (7)
 S - a wand of flame (15)
Scrolls
 c - 7 scrolls of identify
 h - 2 scrolls of silence
 i - 2 scrolls of immolation
 j - 5 scrolls of teleportation
 l - a scroll of fog
 m - 4 scrolls of poison
 n - 5 scrolls of blinking
 o - a scroll of amnesia
 s - a scroll of fear
 t - 2 scrolls of enchant armour
 F - a scroll of vulnerability
 G - 2 scrolls of butterflies
 I - 2 scrolls of enchant weapon
 R - 3 scrolls of brand weapon
Potions
 b - a potion of magic
 e - a potion of curing
 f - a potion of resistance
 q - 3 potions of berserk rage
 w - 2 potions of brilliance
 A - 2 potions of might
 O - a potion of attraction
 T - a potion of lignification


   Skills:
 + Level 5.2(6.6) Fighting
 + Level 0.5(3.1) Short Blades
 + Level 3.7(3.8) Long Blades
 * Level 8.3 Dodging
 * Level 13.1 Stealth
 * Level 12.7(14.1) Spellcasting
 + Level 1.5(2.6) Conjurations
 * Level 9.6(11.1) Earth Magic
 + Level 3.3(4.7) Alchemy
 + Level 0.6 Evocations


You had 18 spell levels left.
You knew the following spells:

 Your Spells              Type           Power      Damage    Failure   Level
a - Sandblast             Erth           100%       2d20      1%          1
b - Stone Arrow           Conj/Erth      90%        3d12      1%          3
c - Petrify               Alch/Erth      50%        N/A       1%          4
d - Brom's Barrelling Bo  Conj/Erth      45%        2d6       2%          4
e - Animate Armour        Summ/Erth      82%        N/A       3%          4
f - Irradiate             Conj/Alch      15%        3d16      24%         5

Your spell library contained the following spells:

 Spells                   Type           Power      Damage    Failure   Level
 Sting                    Conj/Alch      100%       1d9       1%          1
 Passwall                 Erth           59%        N/A       1%          3
 Leda's Liquefaction      Alch/Erth      25%        N/A       1%          4
 Kiss of Death            Conj/Necr      88%        2d12      2%          1
 Apportation              Tloc           32%        N/A       3%          1
 Necrotise                Necr           68%        1d7       3%          1
 Summon Small Mammal      Summ           68%        N/A       3%          1
 Call Imp                 Summ           34%        N/A       4%          2
 Sublimation of Blood     Necr           17%        N/A       4%          2
 Ensorcelled Hibernation  Hex/Ice        32%        N/A       5%          2
 Confusing Touch          Hex            16%        N/A       11%         3
 Inner Flame              Hex/Fire       16%        N/A       11%         3
 Swiftness                Air            16%        N/A       11%         3
 Dispel Undead            Necr           17%        3d10      32%         4
 Cause Fear               Hex            8%         N/A       36%         4
 Vhi's Electric Charge    Tloc/Air       32%        N/A       36%         4
 Arcjolt                  Conj/Air       10%        1d20      52%         5
 Fireball                 Conj/Fire      10%        3d6       52%         5
 Summon Forest            Summ/Tloc      8%         N/A       67%         5
 Summon Mana Viper        Hex/Summ       16%        N/A       67%         5
 Metabolic Englaciation   Hex/Ice        8%         N/A       71%         5
 Plasma Beam              Fire/Air       8%         2x1d18    99%         6
 Summon Cactus Giant      Summ           8%         N/A       99%         6
 Summon Hydra             Summ           8%         N/A       100%        7
 Ignition                 Fire           8%         3d5       100%        8
 Lehudib's Crystal Spear  Conj/Erth      22%        10d6      100%        8
 Dragon's Call            Summ           8%         N/A       100%        9


Dungeon Overview and Level Annotations

Branches:
Dungeon (13/15)            Temple (0/1) D:4            Lair (0/5) D:9
    Orc (0/2) D:9
 Vaults: D:13-14

Altars:
Ashenzari
Cheibriados
Gozag
Hepliaklqana
Okawaru
Sif Muna
Trog
Vehumet
Yredelemnul
Zin
The Shining One
Beogh

Shops:
D:9 [(   D:10 *((

Annotations:
D:10 2 transporters, exclusion: oklob plant, bigdog255's ghost, journeyman OnSu


Innate Abilities, Weirdness & Mutations

You are very small and have problems with some larger weapons.
You are too small for most types of armour.
You have supernaturally acute eyesight. (SInv)
You cover ground extremely quickly. (Speed+++)


Message History

The stone arrow hits the slime creature!!
The slime creature is heavily wounded.
Casting: Stone Arrow (safe; 1% risk of failure)
Confirm with . or Enter, or press ? or * to list all spells.
Aiming: Brom's Barrelling Boulder (dangerous; 2% risk of failure)
Press: ? - help, Dir - move target, f/p - slime creature
Aim: a slime creature (sparse dust, heavily wounded, fast, strong, frenzied and wild, 100% to hit)
You send a boulder barrelling forward!
The slime creature hits your boulder. The slime creature hits your boulder!!
Your boulder is destroyed!
You feel better.
The slime creature closely misses you. x2
Casting: Brom's Barrelling Boulder (dangerous; 2% risk of failure)
Confirm with . or Enter, or press ? or * to list all spells.
You don't have enough magic to cast this spell.
Casting: Brom's Barrelling Boulder (dangerous; 2% risk of failure)
Confirm with . or Enter, or press ? or * to list all spells.
Aiming: Stone Arrow (safe; 1% risk of failure)
Press: ? - help, Shift-Dir - straight line, f/p - slime creature
Aim: a slime creature (moderately wounded, fast, strong, frenzied and wild, 95% to hit)
Okay, then.
Aiming: Charm
Press: ? - help, Shift-Dir - straight line, f/p - slime creature
Aim: a slime creature (moderately wounded, fast, strong, frenzied and wild, chance to affect: 32%)
The slime creature is charmed.
The slime creature closely misses you.
Okay, then.
You feel protected. The slime creature closely misses you.
The slime creature completely misses you.
You are confused.
You feel invigorated.
The slime creature completely misses you.
The slime creature attacks as it pursues you!
The slime creature hits you but does no damage.
You slash the slime creature!
The slime creature is heavily wounded.
The slime creature closely misses you. The slime creature hits you.
You hit the slime creature.
The slime creature is heavily wounded.
The slime creature hits you! The slime creature hits you!!
You die...

#### #.#..)))#.#.#
..?# #.#####.#.#.#
...# #...#.....#.#
...# ###.#######.#
...# #.#.....#...#
.{.# ###)#####.#.###
..{# #.'.....#.#...#
...###.#.#####.###.#
..J'...#.......J@..#
...#################
####


You could see a neutral slime creature (charmed, fast, strong, frenzied).

Vanquished Creatures
  Erolcha (D:13)
  Erica (D:9)
  3 two-headed ogres
  Lodul (D:13)
  Pikel (D:9)
  A deep elf pyromancer (D:12)
  A cyclops (D:11)
  3 manticores
  Maggie (D:9)
  Jeremiah (D:8)
  2 rime drakes (D:11)
  2 komodo dragons
  A troll (D:9)
  A hornet (D:9)
  Grinder (D:5)
  Sigmund (D:3)
  4 slime creatures
  2 vampires
  2 wraiths (D:12)
  The ghost of Bediveer the Shooter, an amateur CoHu (D:5)
  An acid dragon (D:11)
  A water moccasin (D:9)
  A sky beast (D:7)
  6 orc warriors
  11 ogres
  A phantom (D:6)
  3 centaurs
  A lemure (D:9)
  3 kobold brigands
  Blork the orc (D:5)
  A gnoll sergeant (D:10)
  7 bullfrogs
  5 scorpions
  2 water moccasin zombies (D:5)
  8 killer bees
  2 howler monkeys
  A lava snake (D:9)
  A bombardier beetle (D:9)
  A bullfrog zombie (D:5)
  4 hounds
  3 orc priests
  4 jellies (D:8)
  Jessica (D:2)
  An iguana (D:6)
  2 sleepcaps
  Natasha (thrice) (D:2)
  6 orc wizards
  Ijyb (D:3)
  A killer bee zombie (D:5)
  A howler monkey zombie (D:5)
  8 adders
  A gnoll (D:10)
  A white imp (D:7)
  2 ufetubi (D:5)
  An adder zombie (D:5)
  3 dart slugs
  33 orcs
  11 endoplasms
  4 giant cockroaches
  8 goblins
  9 hobgoblins
  2 jackals (D:2)
  3 quokkas
  4 ball pythons
  6 bats
  A frilled lizard (D:3)
  19 kobolds
  6 rats
237 creatures vanquished.

Vanquished Creatures (collateral kills)
  An elephant (D:9)
  A komodo dragon (D:9)
  A slime creature (D:8)
  A water moccasin (D:9)
  A black bear (D:9)
  A lemure (D:9)
  A bullfrog (D:9)
  5 killer bees (D:9)
  An orc priest (D:9)
  3 orc wizards (D:9)
  2 gnolls (D:10)
  9 orcs
27 creatures vanquished.

Vanquished Creatures (others)
  An orc (D:9)
1 creature vanquished.

Grand Total: 265 creatures vanquished

Notes
Turn   | Place    | Note
-------+----------+-------------------------------------------
     0 | D:1      | PriceMaster the Spriggan Earth Elementalist began the quest
                  | for the Orb.
     0 | D:1      | Reached XP level 1. HP: 9/9 MP: 5/5
    46 | D:1      | Reached XP level 2. HP: 9/13 MP: 0/6
   614 | D:1      | Reached XP level 3. HP: 17/17 MP: 6/8
   618 | D:1      | Learned a level 3 spell: Stone Arrow
   838 | D:2      | Noticed Natasha
   849 | D:2      | Killed Natasha
   893 | D:2      | Noticed Natasha
   896 | D:2      | Killed Natasha
   897 | D:2      | Reached XP level 4. HP: 10/21 MP: 5/10
   913 | D:2      | Noticed Natasha
   917 | D:2      | Killed Natasha
  1402 | D:2      | Reached XP level 5. HP: 25/25 MP: 10/12
  1417 | D:2      | Noticed Jessica
  1423 | D:2      | Killed Jessica
  1482 | D:2      | Reached skill level 1 in Fighting
  1613 | D:3      | Noticed Sigmund
  1641 | D:3      | Killed Sigmund
  1642 | D:3      | Reached skill level 4 in Stealth
  1642 | D:3      | Reached skill level 5 in Spellcasting
  1642 | D:3      | Reached XP level 6. HP: 13/30 MP: 0/14
  2008 | D:3      | Noticed Ijyb
  2015 | D:3      | Killed Ijyb
  2153 | D:3      | Identified the +2 leather armour "Varuj" {Str+6}
  2885 | D:4      | Found a glowing golden altar of the Shining One.
  2965 | D:4      | Reached skill level 1 in Conjurations
  3008 | D:4      | Found a staircase to the Ecumenical Temple.
  3031 | D:4      | Reached XP level 7. HP: 33/33 MP: 13/16
  3054 | D:4      | Found a shimmering blue altar of Sif Muna.
  3446 | D:4      | Found a glowing silver altar of Zin.
  3507 | D:4      | Identified the +8 falchion of Hedghomne {freeze, rF++ rN++
                  | Str-2}
  3583 | D:5      | Entered Level 5 of the Dungeon
  3587 | D:5      | Reached skill level 5 in Stealth
  3587 | D:5      | Reached skill level 5 in Earth Magic
  3668 | D:5      | Noticed Grinder
  3684 | D:5      | Killed Grinder
  3685 | D:5      | Reached XP level 8. HP: 35/39 MP: 16/20
  3716 | D:5      | Found a radiant altar of Vehumet.
  3716 | D:5      | Found a broken altar of Ashenzari.
  3728 | D:5      | Became a worshipper of Ashenzari the Shackled
  3848 | D:5      | Found a basalt altar of Yredelemnul.
  3871 | D:5      | Found a transporter.
  3872 | D:5      | Noticed Bediveer's ghost (amateur CoHu)
  3873 | D:5      | Found a transporter.
  3986 | D:5      | Found an iron altar of Okawaru.
  4049 | D:5      | Noticed Blork the orc
  4060 | D:5      | Killed Blork the orc
  4237 | D:5      | Learned a level 4 spell: Petrify
  4252 | D:5      | Reached skill level 6 in Stealth
  4280 | D:5      | Killed Bediveer's ghost
  4342 | D:6      | Found a bloodstained altar of Trog.
  4519 | D:6      | Reached skill level 5 in Dodging
  4520 | D:6      | Noticed a two-headed ogre
  4544 | D:6      | Killed a two-headed ogre
  4545 | D:6      | Reached skill level 1 in Long Blades
  4545 | D:6      | Reached skill level 7 in Stealth
  4545 | D:6      | Reached XP level 9. HP: 43/43 MP: 12/22
  4660 | D:6      | Found an opulent altar of Gozag.
  4755 | D:6      | Reached skill level 8 in Stealth
  5243 | D:6      | Reached * piety under Ashenzari
  5695 | D:7      | Identified a scroll of acquirement
  5730 | D:7      | Reached skill level 1 in Alchemy
  5750 | D:7      | Reached skill level 9 in Stealth
  6276 | D:8      | Noticed Jeremiah
  6290 | D:8      | Killed Jeremiah
  6386 | D:8      | Noticed a manticore
  6409 | D:8      | Killed a manticore
  6410 | D:8      | Reached XP level 10. HP: 40/49 MP: 9/24
  6611 | D:8      | Reached skill level 10 in Spellcasting
  6694 | D:8      | HP: 1/49 [slime creature (28)]
  7165 | D:8      | Found a roughly hewn altar of Beogh.
  7177 | D:8      | Reached skill level 10 in Stealth
  7536 | D:9      | Noticed an elephant
  7583 | D:9      | Acquired 777 gold pieces
  7620 | D:9      | Killed an elephant
  7622 | D:9      | Found a staircase to the Lair.
  7794 | D:9      | Found Joreekhu's Weapon Boutique.
  7794 | D:9      | Found a staircase to the Orcish Mines.
  7813 | D:9      | Found Qyph's Armour Boutique.
  7835 | D:9      | Noticed Erica
  7883 | D:9      | Killed Erica
  8123 | D:9      | Reached ** piety under Ashenzari
  8140 | D:9      | Reached skill level 11 in Stealth
  8298 | D:9      | Reached XP level 11. HP: 56/56 MP: 20/28
  8514 | D:9      | Noticed Maggie
  8523 | D:9      | Found a hazy altar of Hepliaklqana.
  8549 | D:9      | Killed Maggie
  8585 | D:9      | Noticed Pikel
  8603 | D:9      | Killed Pikel
  8849 | D:9      | Found a snail-covered altar of Cheibriados.
  8985 | D:10     | Entered Level 10 of the Dungeon
  9004 | D:10     | Found Roalyso's General Store.
  9014 | D:10     | Found Atiziom's Specific Store.
  9021 | D:10     | Bought a scroll of butterflies for 48 gold pieces
  9025 | D:10     | Bought a scroll of blinking for 90 gold pieces
  9095 | D:10     | Found Cugrahom's Antique Weapon Shoppe.
  9104 | D:10     | Learned a level 4 spell: Brom's Barrelling Boulder
  9448 | D:10     | Found a transporter.
  9459 | D:10     | Found Epieh's Antique Weapon Boutique.
  9564 | D:10     | Found a transporter.
  9585 | D:10     | Noticed a two-headed ogre
  9591 | D:10     | Learned a level 4 spell: Animate Armour
  9629 | D:10     | Killed a two-headed ogre
  9969 | D:10     | Noticed a centaur warrior
  9973 | D:10     | Noticed an oklob plant
  9996 | D:10     | Noticed an orc knight
  9996 | D:10     | Noticed bigdog255's ghost (journeyman OnSu)
 10001 | D:10     | Noticed a two-headed ogre
 10779 | D:11     | Found a frozen archway.
 10797 | D:11     | Reached skill level 12 in Stealth
 11392 | D:12     | Learned a level 5 spell: Irradiate
 11392 | D:12     | Reached *** piety under Ashenzari
 11398 | D:12     | Noticed a two-headed ogre
 11609 | D:12     | Reached skill level 5 in Fighting
 11615 | D:12     | Noticed a deep elf pyromancer
 11622 | D:12     | Killed a deep elf pyromancer
 11658 | D:12     | Killed a two-headed ogre
 12794 | D:13     | Noticed Lodul
 12818 | D:13     | Killed Lodul
 13030 | D:13     | Noticed Erolcha
 13047 | D:13     | Killed Erolcha
 13048 | D:13     | Reached skill level 13 in Stealth
 13048 | D:13     | Reached XP level 12. HP: 39/62 MP: 13/31
 13181 | D:13     | Slain by a slime creature

Illustrated notes

Levels and vault maps discovered:
D:1:      scummos_arrival_checkerplants, layout_rooms, nrook_mini_vaults,
          chequers_jeans, minmay_heptomino_o4
D:2:      layout_rooms, uniq_jessica, uniq_natasha
D:3:      layout_basic, uniq_sigmund, uniq_ijyb
D:4:      layout_rooms, mainiacjoe_overflow_boulevard, led_sif_book,
          lemuel_crystal_altar, minmay_temple_entry_butterflies
D:5:      layout_rooms, nicolae_yredelemnul_corpse_copse,
          mainiacjoe_overflow_24_doors, cheibrodos_ashenzari_chains,
          nicolae_overflow_hidden_temple, gammafunk_ghost_smash, uniq_grinder,
          uniq_blork_the_orc
D:6:      layout_loops_ring, mainiacjoe_overflow_concentric_impassable,
          mainiacjoe_overflow_six_doors_small
D:7:      layout_rooms
D:8:      cheibrodos_fertilizer, layout_rooms, special_room [special_room_orc],
          uniq_jeremiah
D:9:      layout_basic, slow_altar_1, lemuel_round_altar,
          grunt_lair_entry_orc_guard_hut, orc_david_3,
          nicolae_kite_square_tiling_tiny, uniq_erica, uniq_pikel, uniq_maggie
D:10:     layout_rooms, serial_shops, shop, nzn_ghost_randoct,
          nicolae_stop_n_shop_2, nicolae_specific_store
D:11:     layout_irregular_city, portal_ice_cave_rime
D:12:     layout_loops_ring
D:13:     layout_roguey, erik_vaults_1, uniq_erolcha, uniq_lodul

Skill      XL: |  1  2  3  4  5  6  7  8  9 10 11 |
---------------+----------------------------------+-----
Earth Magic    | 3 4 5 6 7 8 9 |  9.6
Spellcasting   | 3 4 5 7 8 9 11 12 | 12.7
Dodging        | 3 4 5 6 7 8 |  8.3
Fighting       | 1 2 3 4 5 |  5.2
Stealth        | 4 5 7 9 11 13 | 13.1
Conjurations   | 1 |  1.5
Long Blades    | 1 2 3 |  3.7
Alchemy        | 1 2 3 |  3.3
Short Blades   | |  0.5
Evocations     | |  0.6

Action                     |  1- 3 |  4- 6 |  7- 9 | 10-12 || total
---------------------------+-------+-------+-------+-------++-------
  Melee: Unarmed           |     4 |       |       |       ||     4
         Short sword       |     7 |     1 |       |       ||     8
         Dagger            |       |     4 |     1 |       ||     5
         Scimitar          |       |       |    99 |   118 ||   217
   Cast: Sandblast         |    40 |    42 |   119 |   101 ||   302
         Stone Arrow       |     2 |     9 |    24 |    33 ||    68
         Petrify           |       |       |    33 |    73 ||   106
         Brom's Barrelling |       |       |       |    13 ||    13
         Irradiate         |       |       |       |     3 ||     3
         Animate Armour    |       |       |       |     3 ||     3
 Invoke: Curse Item        |       |       |     2 |     2 ||     4
  Evoke: Wand              |       |       |       |    12 ||    12
    Use: Potion            |       |       |     4 |     5 ||     9
         Scroll            |       |       |     1 |     2 ||     3
   Stab: Sleeping          |       |     1 |     1 |       ||     2
         Petrified         |       |       |    44 |    78 ||   122
         Petrifying        |       |       |     3 |     1 ||     4
         Distracted        |       |       |       |     1 ||     1
 Armour: Robe              |     8 |     5 |    74 |    61 ||   148
  Dodge: Dodged            |    23 |     9 |   209 |   156 ||   397

Table legend: (Time is in decaauts)
 A = Elapsed time spent in this place.
 B = Non-inter-level travel time spent in this place.
 C = Inter-level travel time spent in this place.
 D = Time resting spent in this place.
 E = Time spent auto-exploring this place.
 F = Levels seen in this place.
 G = Mean time per level.
                   A        B        C        D        E       F      G
               +--------+--------+--------+--------+--------+-----+--------+
         Total |  10751 |  10546 |    205 |   3044 |   5680 |  13 |  827.0 |
       Dungeon |  10751 |  10546 |    205 |   3044 |   5680 |  13 |  827.0 |
               +--------+--------+--------+--------+--------+-----+--------+

Top non-repeatable levels by time:
     D:8: 1354 daAuts
     D:9: 1242 daAuts
    D:11: 1071 daAuts
    D:12: 992 daAuts
    D:10: 954 daAuts
     D:3: 930 daAuts
     D:6: 715 daAuts
     D:2: 679 daAuts
     D:1: 634 daAuts
     D:5: 574 daAuts
     D:7: 558 daAuts
     D:4: 552 daAuts
    D:13: 491 daAuts
